 Dungeon Crawl Stone Soup version 0.19.4 (webtiles) character file.

1332 googlectual the Cudgeler (level 8, 0/78 HPs)
             Began as a Troll Berserker on Jan 30, 2017.
             Was a Priest of Trog.
             Slain by an orc warrior
             ... wielding a +0 trident
              (19 damage)
             ... on level 6 of the Dungeon.
             The game lasted 00:09:57 (4781 turns).

googlectual the Cudgeler (Troll Berserker)          Turns: 4781, Time: 00:09:57

Health: 0/78       AC:  5    Str: 26    XL:     8   Next: 34%
Magic:  7/7        EV:  7    Int:  5    God:    Trog [***...]
Gold:   292        SH: 14    Dex:  9    Spells: 0 memorised, 7 levels left

rFire  . . .     SeeInvis .     l - +1 whip (freeze)
rCold  . . .     Gourm    +     g - +0 animal skin
rNeg   . . .     Faith    .     C - +0 large shield
rPois  .         Spirit   .     (helmet restricted)
rElec  .         Reflect  .     (no cloak)
rCorr  .         Harm     .     (gloves unavailable)
MR     .....                    (boots unavailable)
Stlth  +.........               (no amulet)
                                (no ring)
                                (no ring)

@: no status effects
A: unfitting armour, claws 3, fast metabolism 3, gourmand, regeneration 1,
shaggy fur 1, tough skin 2
a: Berserk, Trog's Hand, Burn Spellbooks, Renounce Religion


You were on level 6 of the Dungeon.
You worshipped Trog.
Trog was most pleased with you.
You were near starving.

You visited 1 branch of the dungeon, and saw 6 of its levels.

You collected 292 gold pieces.

Inventory:

Hand Weapons
 a - a +0 mace
 b - a +0 hunting sling
 l - a +1 whip of freezing (weapon)
 v - a +0 dagger of draining
Missiles
 e - 19 sling bullets
 E - 6 tomahawks (quivered)
Armour
 g - a +0 animal skin (worn)
 C - a +0 large shield (worn)
Jewellery
 d - a +5 ring of strength {unknown}
 p - a cursed -2 ring of dexterity {unknown}
 A - a +2 ring of evasion {unknown}
Wands
 n - a wand of paralysis (13/24)
 u - a wand of polymorph (15/24)
 w - a wand of iceblast (7/15)
Scrolls
 h - 2 scrolls of fog {unknown}
 i - a scroll of magic mapping {unknown}
 j - 5 scrolls of identify {unknown}
 o - 2 scrolls of remove curse {unknown}
 r - 2 scrolls of fear {unknown}
 y - a scroll of enchant armour {unknown}
 D - a scroll of teleportation {unknown}
 F - a scroll of enchant weapon {unknown}
 H - a scroll of blinking {unknown}
Potions
 q - a potion of agility {unknown}
 s - a potion of ambrosia {unknown}
 t - 3 potions of heal wounds {unknown}
 x - 2 potions of mutation {unknown}
 z - 2 potions of curing {unknown}
 B - 2 potions of flight {unknown}
Comestibles
 c - 4 bread rations
 f - 3 meat rations
 k - 5 fruits
 m - a beef jerky


   Skills:
 + Level 3.9 Fighting
 + Level 1.0 Short Blades
 + Level 6.6 Maces & Flails
 + Level 1.4(1.5) Slings
 + Level 0.8(1.5) Throwing
 + Level 4.4 Dodging
 + Level 1.1 Stealth
 + Level 2.0 Shields
 + Level 1.1 Unarmed Combat


You had 7 spell levels left.
You didn't know any spells.

Dungeon Overview and Level Annotations

Branches:
Dungeon (6/15)             Temple (0/1) D:6

Altars:
Dithmenos
Elyvilon
Gozag
Uskayaw


Innate Abilities, Weirdness & Mutations

You are too large for most types of armour.
You have claws for hands.
Your metabolism is lightning-fast.
You like to eat raw meat.
Your natural rate of healing is unusually fast.
You are covered in fur. (AC +1)
You have very tough skin. (AC +2)


Message History

* * * LOW HITPOINT WARNING * * *
You block the orc's attack.
Throwing (i - inventory. (,) - cycle):
G - a large rock (quivered)
Press: ? - help, Shift-Dir - straight line, f/p - orc warrior
Aim: an orc warrior, wielding a trident and wearing a plate armour (heavily wounded)
You throw a large rock. The large rock hits the orc.
The orc is lightly wounded.
The orc warrior closely misses you. You block the orc's attack.
The orc warrior barely misses you. The orc hits you with a club.
* * * LOW HITPOINT WARNING * * *
The orc warrior barely misses you.
Throwing (i - inventory):
E - 7 tomahawks (quivered)
Press: ? - help, Shift-Dir - straight line, f/p - orc warrior
Aim: an orc warrior, wielding a trident and wearing a plate armour (heavily wounded)
You throw a tomahawk. The tomahawk hits the orc.
The orc is almost dead.
The orc hits you with a club.
* * * LOW HITPOINT WARNING * * *
The orc warrior hits you from afar with a trident!!
You die...

.##.......# #.# # .##.#####.# #.#
#
.##.#...#.###.###################
.##.#.#.......#..............<##.
.##.###########.###########....#.
.##...รท<.........# #....#.
.##############..# ###...... .#
######..# #........ .# #...##.@#
#.)...(.. .# #...##.o# #.......#
.# #...##.o# #...#.#). .#
#...##..# #...#.##.
.#########...##..# #####.##.
.................# #.##.
################.# #.##. #.#
#.##. #)# #.##.


You could see an orc warrior and an orc.

Vanquished Creatures
  The ghost of Ponchio the Thaumaturge, an amateur DEFE (D:4)
  2 ice beasts (D:5)
  An ogre (D:4)
  3 centaurs
  A scorpion (D:5)
  2 howler monkeys
  A crimson imp (D:5)
  A bullfrog zombie (D:5)
  A hound (D:4)
  A centaur zombie (D:6)
  A centaur skeleton (D:6)
  An orc priest (D:6)
  2 orc wizards (D:6)
  2 iguanas (D:5)
  Ijyb (D:3)
  3 worker ants
  A hound skeleton (D:5)
  7 adders
  An adder zombie (D:4)
  2 worms (D:2)
  2 dart slugs
  5 leopard geckos
  6 orcs
  A ball python (D:4)
  5 bats
  5 giant cockroaches
  5 goblins
  A hobgoblin (D:1)
  10 jackals
  2 quokkas
  6 frilled lizards
  A jackal skeleton (D:4)
  6 kobolds
  3 rats
93 creatures vanquished.

Notes
Turn   | Place    | Note
-------+----------+-------------------------------------------
     0 | D:1      | googlectual the Troll Berserker began the quest for the Orb.
     0 | D:1      | Reached XP level 1. HP: 22/22 MP: 0/0
   107 | D:1      | Reached XP level 2. HP: 21/29 MP: 1/1
   622 | D:2      | Reached XP level 3. HP: 36/36 MP: 2/2
   634 | D:2      | Reached ** piety under Trog
   769 | D:2      | Reached skill level 3 in Maces & Flails
  1245 | D:3      | Noticed Ijyb
  1258 | D:3      | Killed Ijyb
  1258 | D:3      | Reached skill level 1 in Slings
  1258 | D:3      | Reached XP level 4. HP: 44/44 MP: 3/3
  1596 | D:3      | Found a white marble altar of Elyvilon.
  1596 | D:3      | Found a hide-covered altar of Uskayaw.
  1724 | D:4      | Noticed an ogre
  1739 | D:4      | Killed an ogre
  1739 | D:4      | Reached XP level 5. HP: 52/53 MP: 4/4
  1790 | D:4      | Reached skill level 4 in Maces & Flails
  1890 | D:4      | Found an opulent altar of Gozag.
  2162 | D:4      | Reached XP level 6. HP: 54/61 MP: 5/5
  2291 | D:4      | Noticed Ponchio's ghost (amateur DEFE)
  2308 | D:4      | Killed Ponchio's ghost
  2308 | D:4      | Reached skill level 1 in Stealth
  2564 | D:5      | Entered Level 5 of the Dungeon
  2564 | D:5      | Found a shadowy altar of Dithmenos.
  2564 | D:5      | Noticed an ice beast
  2587 | D:5      | Killed an ice beast
  2587 | D:5      | Reached skill level 5 in Maces & Flails
  2587 | D:5      | Reached XP level 7. HP: 43/67 MP: 6/6
  2811 | D:5      | Reached skill level 1 in Short Blades
  2865 | D:5      | Reached skill level 1 in Unarmed Combat
  3224 | D:5      | Reached skill level 6 in Maces & Flails
  3553 | D:5      | Reached skill level 1 in Shields
  3553 | D:5      | Reached XP level 8. HP: 76/76 MP: 7/7
  3866 | D:6      | Found a staircase to the Ecumenical Temple.
  3885 | D:6      | Reached *** piety under Trog
  4781 | D:6      | Slain by an orc warrior

Skill      XL: |  1  2  3  4  5  6  7  8 |
---------------+-------------------------+-----
Maces & Flails | 3 4 5 6 |  6.6
Slings         | 1 |  1.4
Dodging        | 3 4 |  4.4
Fighting       | 3 |  3.9
Stealth        | 1 |  1.1
Short Blades   | 1 |  1.0
Unarmed Combat | 1 |  1.1
Shields        | 1 2 |  2.0
Throwing       | |  0.8

Action                   |  1- 3 |  4- 6 |  7- 9 || total
-------------------------+-------+-------+-------++-------
Melee: Mace              |    32 |       |       ||    32
       Whip              |    63 |    82 |   209 ||   354
       Unarmed           |    11 |       |       ||    11
       Dagger            |       |     4 |       ||     4
 Fire: Hunting sling     |    17 |       |       ||    17
Throw: Large rock        |       |       |    17 ||    17
       Tomahawk          |       |       |     3 ||     3
Invok: Burn Spellbooks   |       |     1 |       ||     1
       Berserk           |       |     2 |     1 ||     3
 Stab: Sleeping          |     1 |       |     1 ||     2
  Eat: Bread ration      |     1 |       |       ||     1
       Chunk             |     8 |    13 |    17 ||    38
Armor: Animal skin       |    42 |    29 |    36 ||   107
       Skin              |     1 |       |       ||     1
Dodge: Dodged            |    81 |    50 |    55 ||   186
Block: Large shield      |       |       |   119 ||   119
